WCHLSIM.com - West Coast Hockey League
html PUBLIC "-//W3C//DTD XHTML 1.0 Transitional//EN" "http://www.w3.org/TR/xhtml1/DTD/xhtml1-transitional.dtd"> WCHL - Game 698 - SAN FRANCISCO SPIDERS vs BANFF WOLVES

SAN FRANCISCO SPIDERS vs BANFF WOLVES

Created - 26 janvier 2023 at 09:21

Goals
1 2 3 T
SAN FRANCISCO SPIDERS 0 0 0 0
BANFF WOLVES 2 1 0 3
Shots
1 2 3 T
SAN FRANCISCO SPIDERS 6 3 13 22
BANFF WOLVES 8 10 14 32

1st period

1. BANFF WOLVES , Kyle Connor 28 (Mats Zuccarello 12, Roope Hintz 31) at 0:41
2. BANFF WOLVES , Kyle Connor 29 (Roope Hintz 32, Sean Couturier 16) at 9:15 (PP)

Penalties :
Sean Durzi (SAF) for Tripping (Minor) at 8:13, Simon Benoit (BAN) for Holding (Minor) at 16:13

2nd period

3. BANFF WOLVES , Sean Couturier 11 (Miro Heiskanen 12, Dawson Mercer 9) at 0:26

Penalties :
Brenden Dillon (SAF) for Slashing (Minor) at 13:14, Travis Boyd (SAF) for Holding Stick (Minor) at 15:23, Trevor van Riemsdyk (SAF) for Diving (Minor) at 18:42

3rd period

No Goal

Penalties :
Trevor Moore (SAF) for Interference (Minor) at 2:16

Goalie Stats

Igor Shesterkin (SAF), 29 saves from 32 shots - (0,906), L, 16-14-2, 60:00 minutes
Jacob Markstrom (BAN), 22 saves from 22 shots - (1,000), W, 17-11-1, 60:00 minutes

Players Stats for SAN FRANCISCO SPIDERS

Player Name              G  A  P  +/- PIM S  H  SB GA TA FO     MP     PP MP  PK MP  
------------------------------------------------------------------------------------
Andrei Svechnikov        0  0  0  -2  0   5  1  0  0  0  3/9    22:43   0:48   4:43 
Brenden Dillon           0  0  0  -2  2   0  1  1  0  0  0/0    21:46   0:48   3:41 
Connor McMichael         0  0  0   0  0   0  0  0  0  0  0/0     4:59   0:00   0:00 
Darnell Nurse            0  0  0  -2  0   0  1  5  0  0  0/0    22:52   1:11   4:23 
Eeli Tolvanen            0  0  0   0  0   0  0  0  0  0  0/0     4:59   0:00   0:00 
Erik Gudbranson          0  0  0   0  0   1  2  1  0  0  0/0    19:44   0:37   4:35 
Jared McCann             0  0  0   0  0   1  4  0  0  0  4/14   21:47   1:11   4:15 
Jordan Staal             0  0  0  -2  0   1  0  1  0  0  13/21  18:00   0:48   0:00 
Kirby Dach               0  0  0   0  0   0  0  0  0  0  0/0    11:39   0:00   1:08 
Mark Stone               0  0  0   0  0   2  0  0  0  0  0/2    17:09   0:48   0:00 
Michael Anderson         0  0  0   0  0   0  0  1  0  0  0/0    20:32   0:43   5:17 
Sean Durzi               0  0  0   0  2   2  3  0  0  0  0/0    17:51   0:39   0:00 
Travis Boyd              0  0  0   0  2   1  2  0  0  0  8/14   10:30   0:00   0:00 
Trent Frederic           0  0  0   0  0   0  0  0  0  0  0/3     4:59   0:00   0:00 
Trevor Moore             0  0  0   0  2   2  1  0  0  0  0/1    14:05   0:00   3:35 
Trevor van Riemsdyk      0  0  0   0  2   0  0  1  0  0  0/0    17:12   0:00   0:00 
Viktor Arvidsson         0  0  0   0  0   0  0  1  0  0  1/1    17:32   1:11   0:00 
Zach Hyman               0  0  0  -2  0   7  0  0  0  0  4/11   22:38   1:11   4:15 

Players Stats for BANFF WOLVES

Player Name              G  A  P  +/- PIM S  H  SB GA TA FO     MP     PP MP  PK MP  
------------------------------------------------------------------------------------
Alex Tuch                0  0  0   0  0   9  0  0  0  0  0/0    19:52   3:35   0:18 
Dawson Mercer            0  1  1   1  0   2  0  0  0  0  0/0    12:45   0:00   0:43 
Eetu Luostarinen         0  0  0   0  0   0  0  0  0  0  4/7     5:51   0:00   0:55 
Erik Gustafsson          0  0  0   2  0   0  2  0  0  0  0/0    22:11   3:00   0:43 
Esa Lindell              0  0  0   0  0   2  0  2  0  0  0/0    21:20   0:35   1:16 
Jacob Bryson             0  0  0   0  0   0  0  0  0  0  0/0    11:41   0:35   0:00 
Jamie Oleksiak           0  0  0   0  0   0  1  2  0  0  0/0    20:12   0:00   0:43 
Jason Zucker             0  0  0   1  0   1  1  0  0  0  0/1    15:02   3:00   0:00 
Kyle Connor              2  0  2   1  0   5  0  0  0  0  1/2    21:29   5:23   0:00 
Logan O'Connor           0  0  0   0  0   1  0  0  0  0  0/0     5:51   0:00   0:55 
Mats Zuccarello          0  1  1   1  0   1  0  0  0  0  1/1    21:50   5:23   0:21 
Maxim Mamin              0  0  0   0  0   0  1  0  0  0  0/0     4:56   0:00   0:00 
Miro Heiskanen           0  1  1   2  0   0  0  0  0  0  0/0    25:07   5:23   1:16 
Roope Hintz              0  2  2   1  0   3  1  0  0  0  12/24  21:29   5:23   0:00 
Ryan Getzlaf             0  0  0   0  0   0  3  0  0  0  12/20  19:55   3:35   0:21 
Sean Couturier           1  1  2   1  0   5  0  0  0  0  11/17  17:25   5:23   0:00 
Simon Benoit             0  0  0   0  2   1  1  0  0  0  0/0    11:05   0:00   0:00 
Tyler Toffoli            0  0  0   0  0   2  2  1  0  0  2/4    19:59   3:35   0:25 

3 Stars

1 - Jacob Markstrom (BAN)
2 - Kyle Connor (BAN)
3 - Sean Couturier (BAN)

Power Play

SAN FRANCISCO SPIDERS - 0 on 1 Attempt(s) - 0,00%
BANFF WOLVES - 1 on 5 Attempt(s) - 20,00%

Penalty Kill

SAN FRANCISCO SPIDERS - 4 on 5 Attempt(s) - 80,00% - Score 0 goal in Penalty Kill
BANFF WOLVES - 1 on 1 Attempt(s) - 100,00% - Score 0 goal in Penalty Kill

Team Stat

SAN FRANCISCO SPIDERS - Hits : 15 - Faceoff Wins : 33 - Blocked Shots : 11 - Penalty Minutes : 10
BANFF WOLVES - Hits : 12 - Faceoff Wins : 43 - Blocked Shots : 5 - Penalty Minutes : 2

Official

Referees : Chris Schlenker and Gord Dwyer
Linesman : Brad Kovachik and Jake Davis

Game Notes

No Game Note

Finance

Level 1 -- Attendance: 7050 (100,00%) -- Ticket Income 881 250 $
Level 2 -- Attendance: 5681 (95,38%) -- Ticket Income 568 100 $
Level 3 -- Attendance: 2340 (100,00%) -- Ticket Income 140 400 $
Level 4 -- Attendance: 4613 (92,26%) -- Ticket Income 207 585 $
Luxury Box -- Attendance: 1046 (98,22%) -- Ticket Income 287 650 $
Game was played at the Rocky Mountains Sports Complex.
Total Attendance: 20730 (96,82%)
Total Ticket Income: 2 084 985 $
Other Expense: 20 850 $
Total Income: 2 064 135 $

SAN FRANCISCO SPIDERS

5 vs 5 Forward 
   Center                   Left Wing                Right Wing               Time % Phy DF OF 
 1 Jordan Staal             Zach Hyman               Andrei Svechnikov        40     0   2  3  
 2 Jared McCann             Viktor Arvidsson         Mark Stone               35     0   2  3  
 3 Travis Boyd              Kirby Dach               Trevor Moore             20     0   4  1  
 4 Trent Frederic           Eeli Tolvanen            Connor McMichael         5      0   5  0  

5 vs 5 Defense 
   Defense                  Defense                                           Time % Phy DF OF 
 1 Darnell Nurse            Brenden Dillon                                    40     0   4  1  
 2 Trevor van Riemsdyk      Sean Durzi                                        35     0   4  1  
 3 Michael Anderson         Erik Gudbranson                                   25     0   5  0  
 4 Michael Anderson         Erik Gudbranson                                   0      0   4  1  

PowerPlay Forward 
   Center                   Left Wing                Right Wing               Time % Phy DF OF 
 1 Jared McCann             Viktor Arvidsson         Zach Hyman               50     0   1  4  
 2 Jordan Staal             Andrei Svechnikov        Mark Stone               50     0   1  4  

PowerPlay Defense
   Defense                  Defense                                           Time % Phy DF OF 
 1 Erik Gudbranson          Darnell Nurse                                     50     0   3  2  
 2 Brenden Dillon           Sean Durzi                                        50     0   3  2  

Penalty Kill 4 Players Forward 
   Center                   Wing                     Time % Phy DF OF 
 1 Zach Hyman               Jared McCann             50     0   5  0  
 2 Andrei Svechnikov        Trevor Moore             50     0   5  0  

Penalty Kill 4 Players Defense
   Defense                  Defense                  Time % Phy DF OF 
 1 Darnell Nurse            Michael Anderson         50     0   5  0  
 2 Brenden Dillon           Erik Gudbranson          50     0   5  0  

Penalty Kill - 3 Players Forward 
   Forward                                           Time % Phy DF OF 
 1 Andrei Svechnikov                                 55     0   5  0  
 2 Trevor Moore                                      45     0   5  0  

Penalty Kill - 3 Players Defense
   Defense                  Defense                  Time % Phy DF OF 
 1 Darnell Nurse            Sean Durzi               50     0   5  0  
 2 Brenden Dillon           Erik Gudbranson          50     0   5  0  

4 vs 4 Forward 
   Center                   Wing                     Time % Phy DF OF 
 1 Jared McCann             Zach Hyman               55     0   2  3  
 2 Andrei Svechnikov        Viktor Arvidsson         45     0   2  3  

4 vs 4 Defense
   Defense                  Defense                  Time % Phy DF OF 
 1 Michael Anderson         Darnell Nurse            55     0   4  1  
 2 Brenden Dillon           Erik Gudbranson          45     0   4  1  

Last Minutes Offensive
   Center                   Left Wing                Right Wing               Defense                  Defense                  
   Mark Stone               Viktor Arvidsson         Andrei Svechnikov        Darnell Nurse            Trevor van Riemsdyk      

Last Minutes Defensive
   Center                   Left Wing                Right Wing               Defense                  Defense                  
   Mark Stone               Viktor Arvidsson         Andrei Svechnikov        Darnell Nurse            Trevor van Riemsdyk      

Goaltenders
Starting : Igor Shesterkin          
Backup : Scott Wedgewood          

Extra Forwards
Normal : Jared McCann, Andrei Svechnikov, Kirby Dach - PP : Jared McCann, Andrei Svechnikov - PK : Kirby Dach
Extra Defensemen
Normal : Erik Gudbranson, Sean Durzi, Brenden Dillon - PP : Michael Anderson - PK : Erik Gudbranson, Brenden Dillon
Penalty Shots
Jared McCann, Viktor Arvidsson, Andrei Svechnikov, Mark Stone, Zach Hyman
Custom OT Lines Forwards
Trent Frederic, Viktor Arvidsson, Andrei Svechnikov, Mark Stone, Zach Hyman, Trevor Moore, Jared McCann, Jordan Staal, Kirby Dach, Eeli Tolvanen
Custom OT Lines Defensemen
Sean Durzi, Darnell Nurse, Brenden Dillon, Erik Gudbranson, Michael Anderson

Scratches
Bo Horvat (Groin Injury)

BANFF WOLVES

5 vs 5 Forward 
   Center                   Left Wing                Right Wing               Time % Phy DF OF 
 1 Roope Hintz              Kyle Connor              Mats Zuccarello          34     0   1  4  
 2 Ryan Getzlaf             Tyler Toffoli            Alex Tuch                34     0   1  4  
 3 Sean Couturier           Jason Zucker             Dawson Mercer            25     0   2  3  
 4 Eetu Luostarinen         Maxim Mamin              Logan O'Connor           7      0   5  0  

5 vs 5 Defense 
   Defense                  Defense                                           Time % Phy DF OF 
 1 Miro Heiskanen           Erik Gustafsson                                   45     0   5  0  
 2 Esa Lindell              Jamie Oleksiak                                    43     0   5  0  
 3 Simon Benoit             Jacob Bryson                                      12     0   5  0  
 4 Esa Lindell              Miro Heiskanen                                    0      0   4  1  

PowerPlay Forward 
   Center                   Left Wing                Right Wing               Time % Phy DF OF 
 1 Roope Hintz              Kyle Connor              Mats Zuccarello          60     0   0  5  
 2 Ryan Getzlaf             Alex Tuch                Tyler Toffoli            40     0   0  5  

PowerPlay Defense
   Defense                  Defense                                           Time % Phy DF OF 
 1 Miro Heiskanen           Sean Couturier                                    60     0   0  5  
 2 Jason Zucker             Erik Gustafsson                                   40     0   0  5  

Penalty Kill 4 Players Forward 
   Center                   Wing                     Time % Phy DF OF 
 1 Eetu Luostarinen         Logan O'Connor           55     1   4  0  
 2 Dawson Mercer            Tyler Toffoli            45     1   4  0  

Penalty Kill 4 Players Defense
   Defense                  Defense                  Time % Phy DF OF 
 1 Esa Lindell              Miro Heiskanen           55     1   4  0  
 2 Jamie Oleksiak           Erik Gustafsson          45     1   4  0  

Penalty Kill - 3 Players Forward 
   Forward                                           Time % Phy DF OF 
 1 Eetu Luostarinen                                  55     0   5  0  
 2 Dawson Mercer                                     45     0   5  0  

Penalty Kill - 3 Players Defense
   Defense                  Defense                  Time % Phy DF OF 
 1 Esa Lindell              Miro Heiskanen           55     0   5  0  
 2 Jamie Oleksiak           Erik Gustafsson          45     0   5  0  

4 vs 4 Forward 
   Center                   Wing                     Time % Phy DF OF 
 1 Roope Hintz              Mats Zuccarello          60     1   2  2  
 2 Ryan Getzlaf             Alex Tuch                40     1   2  2  

4 vs 4 Defense
   Defense                  Defense                  Time % Phy DF OF 
 1 Miro Heiskanen           Esa Lindell              60     1   2  2  
 2 Erik Gustafsson          Jamie Oleksiak           40     1   2  2  

Last Minutes Offensive
   Center                   Left Wing                Right Wing               Defense                  Defense                  
   Roope Hintz              Kyle Connor              Mats Zuccarello          Miro Heiskanen           Esa Lindell              

Last Minutes Defensive
   Center                   Left Wing                Right Wing               Defense                  Defense                  
   Roope Hintz              Tyler Toffoli            Alex Tuch                Esa Lindell              Miro Heiskanen           

Goaltenders
Starting : Jacob Markstrom          
Backup : Jeremy Swayman           

Extra Forwards
Normal : Dawson Mercer, Logan O'Connor, Alex Tuch - PP : Dawson Mercer, Logan O'Connor - PK : Alex Tuch
Extra Defensemen
Normal : Miro Heiskanen, Jacob Bryson, Jamie Oleksiak - PP : Esa Lindell - PK : Jacob Bryson, Jamie Oleksiak
Penalty Shots
Mats Zuccarello, Kyle Connor, Roope Hintz, Sean Couturier, Alex Tuch
Custom OT Lines Forwards
Alex Tuch, Roope Hintz, Mats Zuccarello, Dawson Mercer, Kyle Connor, Tyler Toffoli, Logan O'Connor, Ryan Getzlaf, Sean Couturier, Eetu Luostarinen
Custom OT Lines Defensemen
Miro Heiskanen, Esa Lindell, Erik Gustafsson, Jamie Oleksiak, Jacob Bryson

Scratches
Trevor Lewis (Healthy), Jimmy Vesey (Healthy), Quinton Hughes (Head Injury)

% Time on Ice - SAN FRANCISCO SPIDERS

Lines # - Real PCT - Wanted PCT - Time Play
Normal Forward
1 - 35% - 40% - 17:12
2 - 33% - 35% - 16:21
3 - 21% - 20% - 10:31
4 - 10% - 5% - 4:59
Normal Defense
1 - 35% - 40% - 17:18
2 - 35% - 35% - 17:13
3 - 28% - 25% - 13:50
4 - 1% - 0% - 0:42
PP Forward
1 - 60% - 50% - 1:11
2 - 40% - 50% - 0:48
PP Defense
1 - 60% - 50% - 1:11
2 - 40% - 50% - 0:48
PK Forward
1 - 47% - 50% - 4:15
2 - 53% - 50% - 4:43
PK Defense
1 - 49% - 50% - 4:23
2 - 51% - 50% - 4:35
PK3 Forward
1 - 0% - 55%
2 - 0% - 45%
PK3 Defense
1 - 0% - 50%
2 - 0% - 50%
44 Forward
1 - 0% - 55%
2 - 0% - 45%
44 Defense
1 - 0% - 55%
2 - 0% - 45%
Last Minute Offensive  - 0:00
Last Minute Defensive  - 0:00
Total
Forward - 60:00
Defense - 60:00

% Time on Ice - BANFF WOLVES

Lines # - Real PCT - Wanted PCT - Time Play
Normal Forward
1 - 33% - 34% - 16:06
2 - 33% - 34% - 15:59
3 - 25% - 25% - 12:02
4 - 10% - 7% - 4:56
Normal Defense
1 - 38% - 45% - 18:28
2 - 40% - 43% - 19:29
3 - 23% - 12% - 11:06
4 - 0% - 0% - 0:00
PP Forward
1 - 60% - 60% - 5:23
2 - 40% - 40% - 3:35
PP Defense
1 - 67% - 60% - 5:58
2 - 33% - 40% - 3:00
PK Forward
1 - 64% - 55% - 1:16
2 - 36% - 45% - 0:43
PK Defense
1 - 64% - 55% - 1:16
2 - 36% - 45% - 0:43
PK3 Forward
1 - 0% - 55%
2 - 0% - 45%
PK3 Defense
1 - 0% - 55%
2 - 0% - 45%
44 Forward
1 - 0% - 60%
2 - 0% - 40%
44 Defense
1 - 0% - 60%
2 - 0% - 40%
Last Minute Offensive  - 0:00
Last Minute Defensive  - 0:00
Total
Forward - 60:00
Defense - 60:00

Play-by-Play

1st period


0:01 of 1st period - Jordan Staal wins face-off versus Roope Hintz in neutral zone.
0:41 of 1st period - Shot by Kyle Connor.
0:41 of 1st period - Goal by Kyle Connor - SAN FRANCISCO SPIDERS : 0 - BANFF WOLVES : 1.
0:42 of 1st period - Ryan Getzlaf wins face-off versus Jared McCann in neutral zone.
0:49 of 1st period - Shot by Alex Tuch.
0:49 of 1st period - Shot Misses the Net.
1:08 of 1st period - Icing by Jamie Oleksiak.
1:09 of 1st period - Ryan Getzlaf wins face-off versus Travis Boyd in BANFF WOLVES zone.
1:36 of 1st period - Shot by Trevor Moore.
1:36 of 1st period - Shot Misses the Net.
1:51 of 1st period - Alex Tuch is hit by Travis Boyd.
3:50 of 1st period - Mats Zuccarello is hit by Sean Durzi and loses puck.
3:59 of 1st period - Shot by Kyle Connor.
3:59 of 1st period - Shot Misses the Net.
4:01 of 1st period - Shot by Simon Benoit.
4:01 of 1st period - Shot Blocked by Viktor Arvidsson.
4:03 of 1st period - Shot by Simon Benoit.
4:03 of 1st period - Stopped by Igor Shesterkin with a rebound.
4:05 of 1st period - Shot by Roope Hintz.
4:05 of 1st period - Stopped by Igor Shesterkin without a rebound.
4:06 of 1st period - Jordan Staal wins face-off versus Eetu Luostarinen in SAN FRANCISCO SPIDERS zone.
4:33 of 1st period - Shot by Jordan Staal.
4:33 of 1st period - Shot Misses the Net.
4:36 of 1st period - Icing by Logan O'Connor.
4:37 of 1st period - Eetu Luostarinen wins face-off versus Trent Frederic in BANFF WOLVES zone.
5:46 of 1st period - Off-side.
5:47 of 1st period - Jordan Staal wins face-off versus Sean Couturier in neutral zone.
5:56 of 1st period - Shot by Andrei Svechnikov.
5:56 of 1st period - Deflect By Zach Hyman.
5:56 of 1st period - Stopped by Jacob Markstrom with a rebound.
5:58 of 1st period - Shot by Zach Hyman.
5:58 of 1st period - Shot Blocked by Esa Lindell.
6:28 of 1st period - Shot by Dawson Mercer.
6:28 of 1st period - Stopped by Igor Shesterkin with a rebound.
6:55 of 1st period - Off-side.
6:56 of 1st period - Jared McCann wins face-off versus Roope Hintz in neutral zone.
7:37 of 1st period - Shot by Roope Hintz.
7:37 of 1st period - Stopped by Igor Shesterkin without a rebound.
7:38 of 1st period - Jordan Staal wins face-off versus Tyler Toffoli in SAN FRANCISCO SPIDERS zone.
7:50 of 1st period - Alex Tuch is hit by Andrei Svechnikov and loses puck.
8:02 of 1st period - Shot by Alex Tuch.
8:02 of 1st period - Stopped by Igor Shesterkin without a rebound.
8:03 of 1st period - Travis Boyd wins face-off versus Sean Couturier in SAN FRANCISCO SPIDERS zone.
8:13 of 1st period - Minor Penalty to Sean Durzi for Tripping.
8:14 of 1st period - Roope Hintz wins face-off versus Andrei Svechnikov in SAN FRANCISCO SPIDERS zone.
8:41 of 1st period - Icing by Mats Zuccarello.
8:42 of 1st period - Roope Hintz wins face-off versus Andrei Svechnikov in BANFF WOLVES zone.
9:13 of 1st period - Shot by Kyle Connor.
9:13 of 1st period - Shot Hit the Post.
9:15 of 1st period - Shot by Kyle Connor.
9:15 of 1st period - Goal by Kyle Connor - SAN FRANCISCO SPIDERS : 0 - BANFF WOLVES : 2.
9:16 of 1st period - Jared McCann wins face-off versus Tyler Toffoli in neutral zone.
10:17 of 1st period - Zach Hyman is hit by Maxim Mamin.
10:23 of 1st period - Shot by Zach Hyman.
10:23 of 1st period - Deflect By Andrei Svechnikov.
10:23 of 1st period - Stopped by Jacob Markstrom without a rebound.
10:24 of 1st period - Travis Boyd wins face-off versus Roope Hintz in BANFF WOLVES zone.
10:30 of 1st period - Icing by Erik Gustafsson.
10:31 of 1st period - Jordan Staal wins face-off versus Roope Hintz in BANFF WOLVES zone.
10:33 of 1st period - Andrei Svechnikov is hit by Erik Gustafsson and loses puck.
10:36 of 1st period - Shot by Jordan Staal.
10:36 of 1st period - Shot Misses the Net.
10:38 of 1st period - Shot by Jordan Staal.
10:38 of 1st period - Stopped by Jacob Markstrom with a rebound.
10:40 of 1st period - Shot by Andrei Svechnikov.
10:40 of 1st period - Shot Misses the Net.
10:59 of 1st period - Andrei Svechnikov is hit by Erik Gustafsson.
14:05 of 1st period - Shot by Roope Hintz.
14:05 of 1st period - Shot Misses the Net.
14:17 of 1st period - Shot by Zach Hyman.
14:17 of 1st period - Stopped by Jacob Markstrom with a rebound.
14:26 of 1st period - Off-side.
14:27 of 1st period - Travis Boyd wins face-off versus Eetu Luostarinen in neutral zone.
14:30 of 1st period - Shot by Trevor Moore.
14:30 of 1st period - Shot Blocked by Jamie Oleksiak.
14:37 of 1st period - Travis Boyd is hit by Jamie Oleksiak and loses puck.
14:49 of 1st period - Shot by Travis Boyd.
14:49 of 1st period - Shot Misses the Net.
15:13 of 1st period - Alex Tuch is hit by Travis Boyd and loses puck.
15:43 of 1st period - Shot by Alex Tuch.
15:43 of 1st period - Stopped by Igor Shesterkin with a rebound.
16:01 of 1st period - Andrei Svechnikov is hit by Simon Benoit and loses puck.
16:06 of 1st period - Shot by Jordan Staal.
16:06 of 1st period - Shot Misses the Net.
16:08 of 1st period - Shot by Zach Hyman.
16:08 of 1st period - Shot Misses the Net.
16:10 of 1st period - Shot by Jordan Staal.
16:10 of 1st period - Shot Misses the Net.
16:12 of 1st period - Shot by Andrei Svechnikov.
16:12 of 1st period - Shot Blocked by Tyler Toffoli.
16:13 of 1st period - Minor Penalty to Simon Benoit for Holding.
16:14 of 1st period - Eetu Luostarinen wins face-off versus Jared McCann in BANFF WOLVES zone.
16:23 of 1st period - Miro Heiskanen is hit by Jared McCann and loses puck.
19:40 of 1st period - Shot by Viktor Arvidsson.
19:40 of 1st period - Deflect By Jared McCann.
19:40 of 1st period - Stopped by Jacob Markstrom without a rebound.
19:41 of 1st period - Sean Couturier wins face-off versus Zach Hyman in BANFF WOLVES zone.
19:59 of 1st period - Shot by Zach Hyman.
19:59 of 1st period - Stopped by Jacob Markstrom without a rebound.
Goals for this period are 0 for SAN FRANCISCO SPIDERS vs 2 for BANFF WOLVES.
Shots for this period are 6 for SAN FRANCISCO SPIDERS vs 8 for BANFF WOLVES.

2nd period


0:01 of 2nd period - Sean Couturier wins face-off versus Jordan Staal in neutral zone.
0:18 of 2nd period - Shot by Dawson Mercer.
0:18 of 2nd period - Shot Blocked by Darnell Nurse.
0:20 of 2nd period - Shot by Sean Couturier.
0:20 of 2nd period - Shot Blocked by Jordan Staal.
0:22 of 2nd period - Shot by Dawson Mercer.
0:22 of 2nd period - Deflect By Sean Couturier.
0:22 of 2nd period - Shot Misses the Net.
0:26 of 2nd period - Shot by Sean Couturier.
0:26 of 2nd period - Goal by Sean Couturier - SAN FRANCISCO SPIDERS : 0 - BANFF WOLVES : 3.
0:27 of 2nd period - Jared McCann wins face-off versus Ryan Getzlaf in neutral zone.
1:06 of 2nd period - Shot by Alex Tuch.
1:06 of 2nd period - Shot Misses the Net.
1:08 of 2nd period - Shot by Esa Lindell.
1:08 of 2nd period - Shot Misses the Net.
1:32 of 2nd period - Shot by Miro Heiskanen.
1:32 of 2nd period - Shot Misses the Net.
2:44 of 2nd period - Shot by Kyle Connor.
2:44 of 2nd period - Stopped by Igor Shesterkin without a rebound.
2:45 of 2nd period - Travis Boyd wins face-off versus Ryan Getzlaf in SAN FRANCISCO SPIDERS zone.
2:45 of 2nd period - Travis Boyd is hit by Ryan Getzlaf.
3:06 of 2nd period - Off-side.
3:07 of 2nd period - Eetu Luostarinen wins face-off versus Jordan Staal in neutral zone.
3:10 of 2nd period - Shot by Logan O'Connor.
3:10 of 2nd period - Stopped by Igor Shesterkin without a rebound.
3:11 of 2nd period - Jordan Staal wins face-off versus Ryan Getzlaf in SAN FRANCISCO SPIDERS zone.
4:28 of 2nd period - Icing by Erik Gudbranson.
4:29 of 2nd period - Travis Boyd wins face-off versus Sean Couturier in SAN FRANCISCO SPIDERS zone.
4:44 of 2nd period - Shot by Travis Boyd.
4:44 of 2nd period - Shot Misses the Net.
4:52 of 2nd period - Shot by Dawson Mercer.
4:52 of 2nd period - Stopped by Igor Shesterkin without a rebound.
4:53 of 2nd period - Kyle Connor wins face-off versus Mark Stone in SAN FRANCISCO SPIDERS zone.
5:25 of 2nd period - Shot by Mark Stone.
5:25 of 2nd period - Stopped by Jacob Markstrom without a rebound.
5:26 of 2nd period - Sean Couturier wins face-off versus Travis Boyd in BANFF WOLVES zone.
6:00 of 2nd period - Shot by Dawson Mercer.
6:00 of 2nd period - Deflect By Sean Couturier.
6:00 of 2nd period - Shot Misses the Net.
6:02 of 2nd period - Shot by Sean Couturier.
6:02 of 2nd period - Stopped by Igor Shesterkin without a rebound.
6:03 of 2nd period - Jordan Staal wins face-off versus Ryan Getzlaf in SAN FRANCISCO SPIDERS zone.
6:03 of 2nd period - Jordan Staal is hit by Ryan Getzlaf.
6:48 of 2nd period - Alex Tuch is hit by Darnell Nurse.
7:13 of 2nd period - Shot by Roope Hintz.
7:13 of 2nd period - Shot Blocked by Darnell Nurse.
7:15 of 2nd period - Shot by Mats Zuccarello.
7:15 of 2nd period - Shot Misses the Net.
7:17 of 2nd period - Shot by Mats Zuccarello.
7:17 of 2nd period - Shot Misses the Net.
7:25 of 2nd period - Zach Hyman is hit by Roope Hintz and loses puck.
7:39 of 2nd period - Off-side.
7:40 of 2nd period - Jared McCann wins face-off versus Sean Couturier in neutral zone.
8:02 of 2nd period - Shot by Dawson Mercer.
8:02 of 2nd period - Shot Misses the Net.
8:04 of 2nd period - Shot by Jason Zucker.
8:04 of 2nd period - Deflect By Sean Couturier.
8:04 of 2nd period - Stopped by Igor Shesterkin without a rebound.
8:05 of 2nd period - Travis Boyd wins face-off versus Eetu Luostarinen in SAN FRANCISCO SPIDERS zone.
8:44 of 2nd period - Icing by Esa Lindell.
8:45 of 2nd period - Eetu Luostarinen wins face-off versus Jared McCann in BANFF WOLVES zone.
8:59 of 2nd period - Icing by Trevor van Riemsdyk.
9:00 of 2nd period - Roope Hintz wins face-off versus Jared McCann in SAN FRANCISCO SPIDERS zone.
9:34 of 2nd period - Icing by Erik Gustafsson.
9:35 of 2nd period - Jordan Staal wins face-off versus Roope Hintz in BANFF WOLVES zone.
10:43 of 2nd period - Shot by Ryan Getzlaf.
10:43 of 2nd period - Shot Misses the Net.
10:47 of 2nd period - Shot by Tyler Toffoli.
10:47 of 2nd period - Stopped by Igor Shesterkin without a rebound.
10:48 of 2nd period - Sean Couturier wins face-off versus Jared McCann in SAN FRANCISCO SPIDERS zone.
10:48 of 2nd period - Sean Couturier is hit by Erik Gudbranson.
10:52 of 2nd period - Shot by Dawson Mercer.
10:52 of 2nd period - Shot Misses the Net.
10:54 of 2nd period - Shot by Sean Couturier.
10:54 of 2nd period - Stopped by Igor Shesterkin without a rebound.
10:55 of 2nd period - Sean Couturier wins face-off versus Jared McCann in SAN FRANCISCO SPIDERS zone.
10:59 of 2nd period - Sean Couturier is hit by Erik Gudbranson and loses puck.
11:03 of 2nd period - Icing by Erik Gudbranson.
11:04 of 2nd period - Sean Couturier wins face-off versus Jared McCann in SAN FRANCISCO SPIDERS zone.
11:05 of 2nd period - Shot by Dawson Mercer.
11:05 of 2nd period - Shot Blocked by Erik Gudbranson.
12:01 of 2nd period - Shot by Trevor Moore.
12:01 of 2nd period - Shot Misses the Net.
12:24 of 2nd period - Shot by Travis Boyd.
12:24 of 2nd period - Stopped by Jacob Markstrom with a rebound.
12:41 of 2nd period - Tyler Toffoli is hit by Sean Durzi and loses puck.
13:02 of 2nd period - Jordan Staal is hit by Ryan Getzlaf and loses puck.
13:06 of 2nd period - Andrei Svechnikov is hit by Tyler Toffoli and loses puck.
13:14 of 2nd period - Minor Penalty to Brenden Dillon for Slashing.
13:15 of 2nd period - Roope Hintz wins face-off versus Zach Hyman in SAN FRANCISCO SPIDERS zone.
13:36 of 2nd period - Icing by Mats Zuccarello.
13:37 of 2nd period - Zach Hyman wins face-off versus Roope Hintz in BANFF WOLVES zone.
13:43 of 2nd period - Icing by Jacob Bryson.
13:44 of 2nd period - Roope Hintz wins face-off versus Zach Hyman in BANFF WOLVES zone.
13:49 of 2nd period - Shot by Kyle Connor.
13:49 of 2nd period - Stopped by Igor Shesterkin without a rebound.
13:50 of 2nd period - Zach Hyman wins face-off versus Ryan Getzlaf in SAN FRANCISCO SPIDERS zone.
15:17 of 2nd period - Shot by Kyle Connor.
15:17 of 2nd period - Deflect By Logan O'Connor.
15:17 of 2nd period - Shot Misses the Net.
15:23 of 2nd period - Minor Penalty to Travis Boyd for Holding Stick.
15:24 of 2nd period - Andrei Svechnikov wins face-off versus Roope Hintz in SAN FRANCISCO SPIDERS zone.
15:33 of 2nd period - Shot by Sean Couturier.
15:33 of 2nd period - Shot Misses the Net.
15:35 of 2nd period - Shot by Roope Hintz.
15:35 of 2nd period - Shot Blocked by Darnell Nurse.
15:37 of 2nd period - Shot by Sean Couturier.
15:37 of 2nd period - Shot Blocked by Brenden Dillon.
15:49 of 2nd period - Shot by Roope Hintz.
15:49 of 2nd period - Shot Blocked by Darnell Nurse.
16:07 of 2nd period - Icing by Kyle Connor.
16:08 of 2nd period - Andrei Svechnikov wins face-off versus Roope Hintz in BANFF WOLVES zone.
16:09 of 2nd period - Shot by Trevor Moore.
16:09 of 2nd period - Stopped by Jacob Markstrom without a rebound.
16:10 of 2nd period - Andrei Svechnikov wins face-off versus Ryan Getzlaf in BANFF WOLVES zone.
17:07 of 2nd period - Shot by Roope Hintz.
17:07 of 2nd period - Stopped by Igor Shesterkin without a rebound.
17:08 of 2nd period - Zach Hyman wins face-off versus Kyle Connor in SAN FRANCISCO SPIDERS zone.
17:46 of 2nd period - Logan O'Connor is hit by Sean Durzi and loses puck.
17:56 of 2nd period - Icing by Sean Durzi.
17:57 of 2nd period - Roope Hintz wins face-off versus Trent Frederic in SAN FRANCISCO SPIDERS zone.
18:15 of 2nd period - Shot by Roope Hintz.
18:15 of 2nd period - Shot Misses the Net.
18:17 of 2nd period - Shot by Mats Zuccarello.
18:17 of 2nd period - Shot Misses the Net.
18:41 of 2nd period - Shot by Kyle Connor.
18:41 of 2nd period - Shot Misses the Net.
18:42 of 2nd period - Minor Penalty to Trevor van Riemsdyk for Diving.
18:43 of 2nd period - Tyler Toffoli wins face-off versus Zach Hyman in SAN FRANCISCO SPIDERS zone.
Goals for this period are 0 for SAN FRANCISCO SPIDERS vs 1 for BANFF WOLVES.
Shots for this period are 3 for SAN FRANCISCO SPIDERS vs 10 for BANFF WOLVES.

3rd period


0:01 of 3rd period - Roope Hintz wins face-off versus Zach Hyman in neutral zone.
0:01 of 3rd period - Kyle Connor is hit by Jared McCann and loses puck.
0:09 of 3rd period - Shot by Miro Heiskanen.
0:09 of 3rd period - Shot Misses the Net.
0:23 of 3rd period - Shot by Kyle Connor.
0:23 of 3rd period - Stopped by Igor Shesterkin without a rebound.
0:24 of 3rd period - Ryan Getzlaf wins face-off versus Andrei Svechnikov in SAN FRANCISCO SPIDERS zone.
0:25 of 3rd period - Shot by Alex Tuch.
0:25 of 3rd period - Shot Hit the Post.
0:37 of 3rd period - Shot by Alex Tuch.
0:37 of 3rd period - Stopped by Igor Shesterkin without a rebound.
0:38 of 3rd period - Zach Hyman wins face-off versus Roope Hintz in SAN FRANCISCO SPIDERS zone.
0:43 of 3rd period - Esa Lindell is hit by Jared McCann and loses puck.
0:54 of 3rd period - Shot by Viktor Arvidsson.
0:54 of 3rd period - Shot Misses the Net.
0:56 of 3rd period - Shot by Sean Durzi.
0:56 of 3rd period - Shot Misses the Net.
0:58 of 3rd period - Shot by Sean Durzi.
0:58 of 3rd period - Stopped by Jacob Markstrom with a rebound.
2:15 of 3rd period - Shot by Zach Hyman.
2:15 of 3rd period - Stopped by Jacob Markstrom without a rebound.
2:16 of 3rd period - Ryan Getzlaf wins face-off versus Travis Boyd in BANFF WOLVES zone.
2:16 of 3rd period - Minor Penalty to Trevor Moore for Interference.
2:17 of 3rd period - Roope Hintz wins face-off versus Andrei Svechnikov in SAN FRANCISCO SPIDERS zone.
3:30 of 3rd period - Icing by Ryan Getzlaf.
3:31 of 3rd period - Ryan Getzlaf wins face-off versus Zach Hyman in BANFF WOLVES zone.
3:46 of 3rd period - Shot by Alex Tuch.
3:46 of 3rd period - Stopped by Igor Shesterkin without a rebound.
3:47 of 3rd period - Ryan Getzlaf wins face-off versus Andrei Svechnikov in SAN FRANCISCO SPIDERS zone.
3:52 of 3rd period - Shot by Alex Tuch.
3:52 of 3rd period - Stopped by Igor Shesterkin without a rebound.
3:53 of 3rd period - Ryan Getzlaf wins face-off versus Andrei Svechnikov in SAN FRANCISCO SPIDERS zone.
4:14 of 3rd period - Shot by Alex Tuch.
4:14 of 3rd period - Stopped by Igor Shesterkin without a rebound.
4:15 of 3rd period - Roope Hintz wins face-off versus Zach Hyman in SAN FRANCISCO SPIDERS zone.
4:34 of 3rd period - Shot by Jared McCann.
4:34 of 3rd period - Shot Misses the Net.
5:16 of 3rd period - Shot by Andrei Svechnikov.
5:16 of 3rd period - Stopped by Jacob Markstrom without a rebound.
5:17 of 3rd period - Ryan Getzlaf wins face-off versus Travis Boyd in BANFF WOLVES zone.
6:04 of 3rd period - Shot by Alex Tuch.
6:04 of 3rd period - Stopped by Igor Shesterkin without a rebound.
6:05 of 3rd period - Sean Couturier wins face-off versus Jordan Staal in SAN FRANCISCO SPIDERS zone.
6:10 of 3rd period - Shot by Jason Zucker.
6:10 of 3rd period - Stopped by Igor Shesterkin without a rebound.
6:11 of 3rd period - Jordan Staal wins face-off versus Jason Zucker in SAN FRANCISCO SPIDERS zone.
6:11 of 3rd period - Zach Hyman is hit by Jason Zucker and loses puck.
6:20 of 3rd period - Shot by Jason Zucker.
6:20 of 3rd period - Shot Misses the Net.
6:22 of 3rd period - Shot by Dawson Mercer.
6:22 of 3rd period - Shot Misses the Net.
6:29 of 3rd period - Icing by Erik Gudbranson.
6:30 of 3rd period - Roope Hintz wins face-off versus Jordan Staal in SAN FRANCISCO SPIDERS zone.
7:03 of 3rd period - Shot by Andrei Svechnikov.
7:03 of 3rd period - Stopped by Jacob Markstrom without a rebound.
7:04 of 3rd period - Ryan Getzlaf wins face-off versus Jared McCann in BANFF WOLVES zone.
7:43 of 3rd period - Tyler Toffoli is hit by Brenden Dillon and loses puck.
8:12 of 3rd period - Mats Zuccarello is hit by Trevor Moore.
8:17 of 3rd period - Off-side.
8:18 of 3rd period - Sean Couturier wins face-off versus Jordan Staal in neutral zone.
8:35 of 3rd period - Shot by Sean Couturier.
8:35 of 3rd period - Shot Blocked by Michael Anderson.
8:37 of 3rd period - Shot by Sean Couturier.
8:37 of 3rd period - Stopped by Igor Shesterkin without a rebound.
8:38 of 3rd period - Travis Boyd wins face-off versus Roope Hintz in SAN FRANCISCO SPIDERS zone.
9:17 of 3rd period - Shot by Travis Boyd.
9:17 of 3rd period - Shot Blocked by Esa Lindell.
9:19 of 3rd period - Shot by Trevor van Riemsdyk.
9:19 of 3rd period - Shot Blocked by Jamie Oleksiak.
9:43 of 3rd period - Shot by Zach Hyman.
9:43 of 3rd period - Shot Misses the Net.
9:55 of 3rd period - Shot by Zach Hyman.
9:55 of 3rd period - Stopped by Jacob Markstrom with a rebound.
9:57 of 3rd period - Shot by Zach Hyman.
9:57 of 3rd period - The goal is going for a video replay.
9:57 of 3rd period - The goal is refused.
9:58 of 3rd period - Viktor Arvidsson wins face-off versus Ryan Getzlaf in BANFF WOLVES zone.
10:01 of 3rd period - Shot by Mark Stone.
10:01 of 3rd period - Stopped by Jacob Markstrom without a rebound.
10:02 of 3rd period - Ryan Getzlaf wins face-off versus Mark Stone in BANFF WOLVES zone.
10:27 of 3rd period - Shot by Alex Tuch.
10:27 of 3rd period - Shot Misses the Net.
10:29 of 3rd period - Shot by Tyler Toffoli.
10:29 of 3rd period - Deflect By Alex Tuch.
10:29 of 3rd period - Stopped by Igor Shesterkin with a rebound.
10:31 of 3rd period - Shot by Alex Tuch.
10:31 of 3rd period - Stopped by Igor Shesterkin without a rebound.
10:32 of 3rd period - Jordan Staal wins face-off versus Sean Couturier in SAN FRANCISCO SPIDERS zone.
10:36 of 3rd period - Off-side.
10:37 of 3rd period - Sean Couturier wins face-off versus Jordan Staal in neutral zone.
11:55 of 3rd period - Shot by Mark Stone.
11:55 of 3rd period - Shot Misses the Net.
11:57 of 3rd period - Shot by Viktor Arvidsson.
11:57 of 3rd period - Shot Misses the Net.
12:10 of 3rd period - Tyler Toffoli is hit by Jared McCann and loses puck.
12:16 of 3rd period - Off-side.
12:17 of 3rd period - Travis Boyd wins face-off versus Roope Hintz in neutral zone.
12:19 of 3rd period - Off-side.
12:20 of 3rd period - Roope Hintz wins face-off versus Travis Boyd in neutral zone.
12:39 of 3rd period - Shot by Mats Zuccarello.
12:39 of 3rd period - Stopped by Igor Shesterkin without a rebound.
12:40 of 3rd period - Sean Couturier wins face-off versus Jordan Staal in SAN FRANCISCO SPIDERS zone.
13:30 of 3rd period - Icing by Michael Anderson.
13:31 of 3rd period - Jordan Staal wins face-off versus Ryan Getzlaf in SAN FRANCISCO SPIDERS zone.
13:31 of 3rd period - Jordan Staal is hit by Tyler Toffoli.
13:48 of 3rd period - Shot by Tyler Toffoli.
13:48 of 3rd period - Stopped by Igor Shesterkin without a rebound.
13:49 of 3rd period - Mats Zuccarello wins face-off versus Jared McCann in SAN FRANCISCO SPIDERS zone.
14:14 of 3rd period - Shot by Mats Zuccarello.
14:14 of 3rd period - Shot Misses the Net.
14:16 of 3rd period - Shot by Roope Hintz.
14:16 of 3rd period - Shot Misses the Net.
14:18 of 3rd period - Shot by Esa Lindell.
14:18 of 3rd period - Stopped by Igor Shesterkin with a rebound.
14:32 of 3rd period - Shot by Kyle Connor.
14:32 of 3rd period - Deflect By Mats Zuccarello.
14:32 of 3rd period - Shot Misses the Net.
14:34 of 3rd period - Shot by Jamie Oleksiak.
14:34 of 3rd period - Shot Blocked by Darnell Nurse.
16:28 of 3rd period - Shot by Zach Hyman.
16:28 of 3rd period - Shot Misses the Net.
16:30 of 3rd period - Shot by Sean Durzi.
16:30 of 3rd period - Stopped by Jacob Markstrom with a rebound.
16:32 of 3rd period - Shot by Andrei Svechnikov.
16:32 of 3rd period - Stopped by Jacob Markstrom without a rebound.
16:33 of 3rd period - Roope Hintz wins face-off versus Trevor Moore in BANFF WOLVES zone.
16:40 of 3rd period - Shot by Trevor Moore.
16:40 of 3rd period - Stopped by Jacob Markstrom with a rebound.
16:42 of 3rd period - Shot by Kirby Dach.
16:42 of 3rd period - Shot Misses the Net.
16:44 of 3rd period - Shot by Erik Gudbranson.
16:44 of 3rd period - Stopped by Jacob Markstrom without a rebound.
16:45 of 3rd period - Tyler Toffoli wins face-off versus Trent Frederic in BANFF WOLVES zone.
18:11 of 3rd period - Shot by Roope Hintz.
18:11 of 3rd period - Shot Blocked by Trevor van Riemsdyk.
18:13 of 3rd period - Shot by Mats Zuccarello.
18:13 of 3rd period - Shot Misses the Net.
18:15 of 3rd period - Shot by Esa Lindell.
18:15 of 3rd period - Stopped by Igor Shesterkin without a rebound.
18:16 of 3rd period - Sean Couturier wins face-off versus Travis Boyd in SAN FRANCISCO SPIDERS zone.
18:45 of 3rd period - Shot by Jason Zucker.
18:45 of 3rd period - Shot Misses the Net.
19:00 of 3rd period - Icing by Jacob Bryson.
19:01 of 3rd period - Jordan Staal wins face-off versus Sean Couturier in BANFF WOLVES zone.
19:02 of 3rd period - Shot by Zach Hyman.
19:02 of 3rd period - Stopped by Jacob Markstrom without a rebound.
19:03 of 3rd period - Ryan Getzlaf wins face-off versus Jordan Staal in BANFF WOLVES zone.
19:15 of 3rd period - Icing by Brenden Dillon.
19:16 of 3rd period - Jordan Staal wins face-off versus Roope Hintz in SAN FRANCISCO SPIDERS zone.
19:33 of 3rd period - Shot by Andrei Svechnikov.
19:33 of 3rd period - Stopped by Jacob Markstrom without a rebound.
19:34 of 3rd period - Ryan Getzlaf wins face-off versus Jared McCann in BANFF WOLVES zone.
Goals for this period are 0 for SAN FRANCISCO SPIDERS vs 0 for BANFF WOLVES.
Shots for this period are 13 for SAN FRANCISCO SPIDERS vs 14 for BANFF WOLVES.


RYAN
NUGENT-HOPKINS
THATCHER
DEMKO
MITCHELL
MARNER

EAST COAST

HOCKEY LEAGUE

  • 13.MAN3PIT5
  • 14.NHW2ATL3
  • 15.PET5WOR4
  • 16.RHI30
  • 17.QUECHI
  • 18.CHALIM
  • 19.TRVLON
  • 20.CHWBAL